 Dungeon Crawl Stone Soup version 0.22-a0-877-g5c4e1af (webtiles) character file.

62 prawnwizard the Skirmisher (level 3, 0/29 HPs)
             Began as a Demonspawn Fighter on July 29, 2018.
             Succumbed to Terence's poison
             ... on level 2 of the Dungeon.
             The game lasted 00:01:26 (1162 turns).

prawnwizard the Skirmisher (Demonspawn Fighter)     Turns: 1162, Time: 00:01:27

Health: 0/29       AC:  7    Str: 17    XL:     3   Next: 85%
Magic:  3/3        EV: 10    Int:  9    God:
Gold:   101        SH:  0    Dex: 15    Spells: 2/2 levels left

rFire    . . .     SeeInvis .   a - +0 long sword
rCold    . . .     Gourm    .   (no shield)
rNeg     . . .     Faith    .   b - +0 scale mail
rPois    .         Spirit   .   (no helmet)
rElec    .         Reflect  .   (no cloak)
rCorr    .         Harm     .   (no gloves)
MR       .....                  (no boots)
Stlth    ..........             (no amulet)
HPRegen  0.09/turn              e - +3 ring of dexterity
MPRegen  0.08/turn              (no ring)

@: lethally poisoned (0 -> -11)
A: rugged brown scales 1, demonic guardian 1
a: no special abilities


You were on level 2 of the Dungeon.
You were not hungry.

You visited 1 branch of the dungeon, and saw 2 of its levels.

You collected 101 gold pieces.

Inventory:

Hand Weapons
 a - a +0 long sword (weapon)
Armour
 b - a +0 scale mail (worn)
Jewellery
 e - a +3 ring of dexterity (left hand)
Scrolls
 i - a scroll of noise {unknown}
 j - a scroll of teleportation {unknown}
 k - a scroll of remove curse {unknown}
Potions
 c - a potion of curing {unknown}
 d - a potion of might
 h - a potion of cancellation {unknown}
Comestibles
 f - a ration
 g - 4 chunks of flesh


   Skills:
 + Level 3.5 Fighting
 * Level 3.0 Long Blades
 - Level 2.6 Armour
 + Level 1.3 Dodging
   Level 2.6 Shields


You had 2 spell levels left.
You didn't know any spells.
Your spell library was empty.

Dungeon Overview and Level Annotations

Branches:
Dungeon (2/15)

Altars:
Xom

Annotations:
D:2 Terence


Innate Abilities, Weirdness & Mutations

You are partially covered in rugged brown scales. (AC +1, +3% HP)
A weak demonic guardian rushes to your aid.


Message History

You feel sick. Something hits your shadow imp.
Your shadow imp dies!
You feel sick.
* * * LOW HITPOINT WARNING * * *
You feel sick.
* * * LOW HITPOINT WARNING * * *
You feel sick.
* * * LOW HITPOINT WARNING * * *
You feel sick.
* * * LOW HITPOINT WARNING * * *
You feel sick.
* * * LOW HITPOINT WARNING * * *
You feel sick.
* * * LOW HITPOINT WARNING * * *
You feel sick.
* * * LOW HITPOINT WARNING * * *
You feel sick.
* * * LOW HITPOINT WARNING * * *
You feel sick.
You die...

#### #..
#.#########
########........5#
.##.%....#....##@#
.####.##......##5#
.##... #.#(...##.#
.##.####.#....##.#
.........#....##.#
.......###....##.#
###.#..........@.#
###)#...##########
....#.#.#


You could see Terence, a friendly iron imp and a friendly white imp.

Vanquished Creatures
  Natasha (D:2)
  2 leopard geckos
  2 bats (D:1)
  2 goblins
  A hobgoblin (D:1)
  5 jackals
  2 frilled lizards (D:1)
  2 kobolds (D:1)
  3 rats
20 creatures vanquished.

Vanquished Creatures (collateral kills)
  Natasha (D:2)
1 creature vanquished.

Grand Total: 21 creatures vanquished

Notes
Turn   | Place    | Note
-------+----------+-------------------------------------------
     0 | D:1      | prawnwizard the Demonspawn Fighter began the quest for the Orb.
     0 | D:1      | Reached XP level 1. HP: 18/18 MP: 1/1
   278 | D:1      | Gained mutation: A weak demonic guardian rushes to your aid. [demonic ancestry]
   278 | D:1      | Reached XP level 2. HP: 18/24 MP: 2/2
   728 | D:2      | Found a shimmering altar of Xom.
   833 | D:2      | Noticed Natasha
   838 | D:2      | Killed Natasha
   838 | D:2      | Reached skill level 1 in Dodging
   838 | D:2      | Gained mutation: You are partially covered in rugged brown scales. (AC +1, +3% HP) [demonic ancestry]
   838 | D:2      | Reached XP level 3. HP: 14/29 MP: 3/3
  1023 | D:2      | Noticed Natasha
  1031 | D:2      | Killed Natasha
  1140 | D:2      | Noticed Terence
  1159 | D:2      | HP: 1/29 [poisoned by Terence]
  1162 | D:2      | Succumbed to Terence's poison

Vault maps used:
D:1:      onia_arrival_mini_spirals
D:2:      lemuel_crystal_altar, uniq_natasha, uniq_terence

Skill      XL: |  1  2  3 |
---------------+----------+-----
Long Blades    | 2 3 |  3.0
Dodging        | 1 |  1.3
Fighting       | |  3.5
Armour         | |  2.6
Shields        | |  2.6

Action                   || total
-------------------------++-------
Melee: Long sword        ||    72
  Eat: Chunk             ||     1
Armor: Scale mail        ||    44
Dodge: Dodged            ||    40
       Rpst.: Long sword ||    10

Table legend:
 A = Spawn XP
 B = Non-spawn XP
 C = Spawn XP percentage of total XP
 D = Spawn monster count
 E = Non-spawn monster count
 F = Spawn count percentage of total count
 G = Total turns spent on level
                    A         B        C        D         E        F      G
               +---------+---------+-------+---------+---------+-------+---------
         Total |       0 |      89 |   0.0 |       0 |      21 |   0.0 |  1162
               +---------+---------+-------+---------+---------+-------+---------
           D:1 |       0 |      24 |   0.0 |       0 |      14 |   0.0 |   648
           D:2 |       0 |      65 |   0.0 |       0 |       7 |   0.0 |   514
               +---------+---------+-------+---------+---------+-------+---------
